 Dungeon Crawl Stone Soup version 0.30.1-11-g7821555f0a (webtiles) character file.

Game seed: 8125845576871424212

99 Okkudo the Chopper (level 4, -4/41 HPs)
             Began as a Hill Orc Monk on Nov 29, 2023.
             Slain by a gnoll
             ... wielding a +0 spear
              (7 damage)
             ... on level 3 of the Dungeon.
             The game lasted 00:04:52 (2158 turns).

Okkudo the Chopper (Hill Orc Monk)                  Turns: 2158, Time: 00:04:52

Health: -4/41      AC: 11    Str: 15    XL:     4   Next: 72%
Magic:  4/4        EV:  7    Int: 10    God:
Gold:   62         SH:  0    Dex: 13    Spells: 3/3 levels left

rFire   . . .        a - +0 hand axe
rCold   . . .        d - orb {light}
rNeg    . . .        h - +0 chain mail
rPois   .            (no helmet)
rElec   .            p - +0 cloak
rCorr   .            (no gloves)
SInv    .            o - +1 pair of boots
Will    .....        (no amulet) Stlth
                     (no ring)
HPRegen 0.26/turn    (no ring)
MPRegen 0.09/turn

%: no passive effects
@: attractive, glowing
A: no striking features
a: no special abilities


You were on level 3 of the Dungeon.
You visited 1 branch of the dungeon, and saw 3 of its levels.

You collected 62 gold pieces.

Inventory:

Hand Weapons
 a - a +0 hand axe (weapon)
Missiles
 f - 2 poisoned darts (quivered)
Armour
 d - an orb of light (worn)
 h - a +0 chain mail (worn)
 o - a +1 pair of boots (worn)
 p - a +0 cloak (worn)
Jewellery
 l - an amulet of the acrobat
 m - a ring of wizardry
 r - a ring of poison resistance
Scrolls
 g - 4 scrolls of identify {unknown}
 i - a scroll of amnesia {unknown}
 k - a scroll of fog {unknown}
 t - 2 scrolls of teleportation {unknown}
 u - a scroll of vulnerability {unknown}
Potions
 b - a potion of curing {unknown}
 c - a potion of ambrosia
 e - a potion of heal wounds {unknown}
 j - a potion of cancellation {unknown}
 n - a potion of brilliance {unknown}
 q - a potion of haste {unknown}
 s - a potion of attraction


   Skills:
 - Level 4.5 Fighting
 * Level 5.4 Axes
 + Level 0.8 Armour
 - Level 3.0 Dodging


You had 3 spell levels left.
You didn't know any spells.
Your spell library was empty.

Dungeon Overview and Level Annotations

Branches:
Dungeon (3/15)

Altars:
Dithmenos


Message History

The gnoll is almost dead.
The gnoll hits you but does no damage. The gnoll closely misses you.
You hit the gnoll but do no damage.
The gnoll is almost dead.
The gnoll hits you but does no damage. x2
You hit the gnoll.
You kill the gnoll!
The gnoll hits you but does no damage. The gnoll barely misses you.
The gnoll hits you but does no damage.
Things that are here:
a +0 club; a gnoll corpse You hit the gnoll.
The gnoll is lightly wounded.
You hit the gnoll. The gnoll hits you with a +0 spear. x2
* * * LOW HITPOINT WARNING * * *
You hit the gnoll but do no damage.
The gnoll is moderately wounded.
You hit the gnoll but do no damage.
The gnoll hits you but does no damage. x2
You barely miss the gnoll.
The gnoll is moderately wounded.
You hit the gnoll but do no damage. The gnoll hits you with a +0 spear.
* * * LOW HITPOINT WARNING * * *
The gnoll hits you with a +0 spear.
* * * LOW HITPOINT WARNING * * *
The gnoll attacks as you move away! The gnoll hits you but does no damage.
The gnoll barely misses you.
The gnoll hits you from afar with a +0 spear.
* * * LOW HITPOINT WARNING * * *
The gnoll zaps a wand.
Some rock shatters into small pieces.
The now-empty wand crumbles to dust.
The gnoll throws a stone.
The stone hits you.
* * * LOW HITPOINT WARNING * * *
Okay, then.
It was a potion of attraction.
You feel attractive to monsters. The gnoll hits you but does no damage.
The gnoll is attracted toward you. x2
You hit the gnoll.
The gnoll is heavily wounded.
The gnoll hits you with a +0 spear!
You die...

##### #........†............
....### ###.###....###.........<
###...## #...#>.......##†........
###..# #.......................
##.#####..............)...... ##
#...###....[..#.............
.#######...#....###...#8..#......
..............##.gg.§.#####.....#
.##########..##.@###..# #.....#
..# ....#..# #..... #.#...# #.#
#.#..#..# #..##+##...... #.#
#....#..+ #..# #...... #.#
#.^..#..# #..# ###.... #.##
#>...#### #.## #..... #..### ##
.......... .....#.# ##..)#
...!... ..##...#.. ###.###
....... #.#.#..


You could see 2 gnolls.

Vanquished Creatures
  2 adders (D:2)
  A gnoll (D:3)
  A shadow imp (D:3)
  2 worms (D:2)
  2 dart slugs (D:1)
  5 ball pythons
  7 bats
  5 endoplasms (D:1)
  3 giant cockroaches
  3 goblins
  6 hobgoblins
  2 quokkas (D:3)
  3 frilled lizards
  6 kobolds
  6 rats
54 creatures vanquished.

Notes
Turn   | Place    | Note
-------+----------+-------------------------------------------
     0 | D:1      | Okkudo the Hill Orc Monk began the quest for the Orb.
     0 | D:1      | Reached XP level 1. HP: 19/19 MP: 1/1
   153 | D:1      | Reached XP level 2. HP: 27/27 MP: 2/2
   479 | D:1      | Reached XP level 3. HP: 31/33 MP: 3/3
  1316 | D:2      | Reached XP level 4. HP: 41/41 MP: 4/4
  1372 | D:2      | Reached skill level 5 in Axes
  1976 | D:3      | Found a shadowy altar of Dithmenos.
  2147 | D:3      | HP: 2/41 [gnoll/+0 spear (1)]
  2154 | D:3      | HP: 2/41 [gnoll/stone (2)]
  2158 | D:3      | Slain by a gnoll

Illustrated notes

Levels and vault maps discovered:
D:1:      dpeg_arrival_yet_another_circle, layout_loops_ring
D:2:      layout_basic
D:3:      layout_rooms, lemuel_round_altar,
          shapermc_ecumenical_altar_mp_vishouse, saegor_snake_ambush

Skill      XL: |  1  2  3  4 |
---------------+-------------+-----
Fighting       | 4 |  4.5
Dodging        | 3 |  3.0
Axes           | 5 |  5.4
Armour         | |  0.8

Action                     |  1- 3 |  4- 6 || total
---------------------------+-------+-------++-------
  Melee: Hand axe          |    95 |    58 ||   153
    Use: Potion            |       |     1 ||     1
 Armour: Robe              |     9 |       ||     9
         Chain mail        |    39 |    47 ||    86
  Dodge: Dodged            |    39 |    23 ||    62
